 Dungeon Crawl Stone Soup version 0.22-a0-246-gdc04c06d56 (webtiles) character file.

462 Peterchen the Ruffian (level 6, -7/61 HPs)
             Began as a Troll Monk on Feb 22, 2018.
             Killed from afar by a kobold (14 damage)
             ... with a wand of acid (7)
             ... on level 3 of the Dungeon.
             The game lasted 00:16:52 (2448 turns).

Peterchen the Ruffian (Troll Monk)                  Turns: 2448, Time: 00:16:52

Health: -7/61      AC:  8    Str: 22    XL:     6   Next: 79%
Magic:  5/5        EV: 11    Int:  6    God:
Gold:   149        SH:  0    Dex: 12    Spells: 5/5 levels left

rFire    . . .     SeeInvis .     - Unarmed
rCold    . . .     Gourm    +   (no shield)
rNeg     . . .     Faith    .   c - +2 robe {MR+}
rPois    .         Spirit   .   (helmet restricted)
rElec    .         Reflect  .   i - +0 cloak
rCorr    .         Harm     .   (gloves unavailable)
MR       ++...                  (boots unavailable)
Stlth    ++........             (no amulet)
HPRegen  0.60/turn              n - ring of protection from magic
MPRegen  0.09/turn              (no ring)

@: no status effects
A: large, unfitting armour, claws 3, fast metabolism 3, gourmand, regeneration
1, shaggy fur 1, tough skin 2
a: no special abilities


You were on level 3 of the Dungeon.
You were not hungry.

You visited 1 branch of the dungeon, and saw 3 of its levels.

You collected 149 gold pieces.

Inventory:

Missiles
 h - 83 stones (quivered)
Armour
 a - a +0 robe
 c - a +2 robe of magic resistance (worn)
 i - a +0 cloak (worn)
Jewellery
 n - a ring of protection from magic (left claw)
Wands
 p - a wand of enslavement (10)
Scrolls
 d - a scroll of enchant armour
 j - 2 scrolls of immolation
 l - a scroll of remove curse {unknown}
Potions
 e - a potion of magic {unknown}
 g - a potion of degeneration
 k - a potion of agility
 m - a potion of haste {unknown}
 o - a potion of flight {unknown}
Comestibles
 b - 6 rations
 f - 4 chunks of flesh


   Skills:
 + Level 3.6 Fighting
 + Level 3.5 Dodging
 + Level 2.1 Stealth
 * Level 5.4 Unarmed Combat


You had 5 spell levels left.
You didn't know any spells.

Dungeon Overview and Level Annotations

Branches:
Dungeon (3/15)

Altars:

Annotations:
D:3 Asanbosam's ghost, amateur GnNe; Jessica


Innate Abilities, Weirdness & Mutations

You are too large for most types of armour.
You have claws for hands.
Your metabolism is lightning-fast.
You like to eat raw meat.
Your natural rate of healing is unusually fast.
You are covered in fur. (AC +1)
You have very tough skin. (AC +2)


Message History

You are too injured to fight recklessly!
You are too injured to fight recklessly!
You are too injured to fight recklessly!
You are too injured to fight recklessly!
You barely miss Asanbosam's ghost.
Asanbosam's ghost is almost destroyed.
Asanbosam's ghost hits you! The giant cockroach closely misses you.
You closely miss Asanbosam's ghost.
Asanbosam's ghost is almost destroyed.
The goblin hits you but does no damage.
The giant cockroach bites you but does no damage.
Asanbosam's ghost is infused with unholy energy.
* * * LOW HITPOINT WARNING * * *
Asanbosam's ghost draws life force from you and is healed!
The kobold zaps a wand.
The bolt of acid hits the giant cockroach.
The giant cockroach is splashed with acid.
The giant cockroach dies!
The bolt of acid hits you!
You die...

...########
...#$.....#
.#........#
..........#####
..........#...#
..............#
..............#
.........g....#
!......@K)@)..#
........gW#...#
..........#.).#
.........##...#
#........######
........)>
.....(. .......


You could see Asanbosam's ghost, Jessica, a hobgoblin, a goblin and a kobold.

Vanquished Creatures
  Grinder (D:3)
  Sigmund (D:2)
  Terence (D:2)
  2 adders (D:2)
  An ooze (D:2)
  2 dart slugs (D:1)
  A leopard gecko (D:2)
  7 bats
  3 giant cockroaches
  12 goblins
  2 hobgoblins
  A quokka (D:2)
  A ball python (D:2)
  3 frilled lizards
  10 kobolds
  7 rats
55 creatures vanquished.

Vanquished Creatures (others)
  A giant cockroach (D:3)
  A kobold (D:3)
2 creatures vanquished.

Grand Total: 57 creatures vanquished

Notes
Turn   | Place    | Note
-------+----------+-------------------------------------------
     0 | D:1      | Peterchen the Troll Monk began the quest for the Orb.
     0 | D:1      | Reached XP level 1. HP: 22/22 MP: 0/0
   205 | D:1      | Reached XP level 2. HP: 29/29 MP: 1/1
   920 | D:1      | Reached XP level 3. HP: 36/36 MP: 2/2
  1341 | D:2      | Noticed Terence
  1354 | D:2      | Killed Terence
  1354 | D:2      | Reached XP level 4. HP: 39/44 MP: 3/3
  1438 | D:2      | Reached skill level 4 in Unarmed Combat
  1612 | D:2      | Noticed Sigmund
  2006 | D:2      | Killed Sigmund
  2006 | D:2      | Reached XP level 5. HP: 42/53 MP: 4/4
  2078 | D:2      | Reached XP level 6. HP: 61/61 MP: 5/5
  2376 | D:3      | Noticed Asanbosam's ghost (amateur GnNe)
  2377 | D:3      | Noticed Grinder
  2412 | D:3      | Killed Grinder
  2412 | D:3      | Reached skill level 5 in Unarmed Combat
  2444 | D:3      | Noticed Jessica
  2448 | D:3      | Killed from afar by a kobold

Vault maps used:
D:1:      sevenhm_arrival_forest_fort_small_5
D:2:      first_ration, minmay_misc_feat_hallway, uniq_sigmund, uniq_terence
D:3:      uniq_grinder, uniq_jessica

Skill      XL: |  1  2  3  4  5  6 |
---------------+-------------------+-----
Unarmed Combat | 4 5 |  5.4
Fighting       | 3 |  3.6
Dodging        | 3 |  3.5
Stealth        | 2 |  2.1

Action                   |  1- 3 |  4- 6 || total
-------------------------+-------+-------++-------
Melee: Unarmed           |    97 |    95 ||   192
       Punch             |       |     1 ||     1
Throw: Stone             |     3 |       ||     3
  Use: Scroll            |       |     4 ||     4
       Potion            |       |     2 ||     2
 Stab: Sleeping          |     3 |       ||     3
  Eat: Chunk             |    18 |     2 ||    20
Armor: Robe              |    41 |    40 ||    81
Dodge: Dodged            |    42 |    59 ||   101

Table legend:
 A = Spawn XP
 B = Non-spawn XP
 C = Spawn XP percentage of total XP
 D = Spawn monster count
 E = Non-spawn monster count
 F = Spawn count percentage of total count
 G = Total turns spent on level
                    A         B        C        D         E        F      G
               +---------+---------+-------+---------+---------+-------+---------
         Total |       0 |     661 |   0.0 |       0 |      55 |   0.0 |  2448
               +---------+---------+-------+---------+---------+-------+---------
           D:1 |       0 |      49 |   0.0 |       0 |      29 |   0.0 |  1273
           D:2 |       0 |     340 |   0.0 |       0 |      22 |   0.0 |   932
           D:3 |       0 |     272 |   0.0 |       0 |       4 |   0.0 |   243
               +---------+---------+-------+---------+---------+-------+---------
